 Dungeon Crawl Stone Soup version 0.27.1-37-g7b29ead8ac (webtiles) character file.

Game seed: 9368483009272065728

95 cbfl8 the Shield-Bearer (level 4, -1/40 HPs)
             Began as a Minotaur Fighter on Apr 30, 2023.
             Slain by a gnoll (12 damage)
             ... on level 3 of the Dungeon.
             The game lasted 00:01:27 (2107 turns).

cbfl8 the Shield-Bearer (Minotaur Fighter)          Turns: 2107, Time: 00:01:28

Health: -1/40      AC:  7    Str: 20    XL:     4   Next: 39%
Magic:  3/3        EV:  7    Int:  5    God:
Gold:   105        SH:  9    Dex: 11    Spells: 3/3 levels left

rFire    . . .     SeeInvis .   a - +0 war axe
rCold    . . .     Faith    .   c - +0 kite shield
rNeg     . . .     Spirit   .   b - +0 scale mail
rPois    .         Reflect  .   (helmet restricted)
rElec    .         Harm     .   (no cloak)
rCorr    .         Rampage  .   (no gloves)
Will     .....                  (no boots)
Stlth    ..........             (no amulet)
HPRegen  0.13/turn              (no ring)
MPRegen  0.08/turn              (no ring)

@: no status effects
A: horns 2, retaliatory headbutt
a: no special abilities


You were on level 3 of the Dungeon.
You visited 1 branch of the dungeon, and saw 3 of its levels.

You collected 105 gold pieces.

Inventory:

Hand Weapons
 a - a +0 war axe (weapon)
Armour
 b - a +0 scale mail (worn)
 c - a +0 kite shield (worn)
Scrolls
 e - a scroll of magic mapping {unknown}
 f - 2 scrolls of identify {unknown}
 i - a scroll of summoning {unknown}
 j - a scroll of fog {unknown}
 k - a scroll of enchant weapon {unknown}
 l - 2 scrolls of noise {unknown}
 n - a scroll of vulnerability {unknown}
 o - a scroll of immolation {unknown}
 q - a scroll of enchant armour {unknown}
Potions
 d - 2 potions of might
 g - a potion of heal wounds {unknown}
 h - 2 potions of curing {unknown}
 m - a potion of ambrosia {unknown}
 p - a potion of lignification {unknown}


   Skills:
 + Level 4.0 Fighting
 + Level 3.4 Axes
 + Level 4.0 Armour
 + Level 0.8 Dodging
 + Level 4.1 Shields
 * Level 1.2 Invocations
 * Level 1.3 Evocations


You had 3 spell levels left.
You didn't know any spells.
Your spell library contained the following spells:

 Spells                   Type           Power      Damage    Failure   Level
 Passwall                 Tmut/Erth      0%         N/A       100%        2
 Swiftness                Air            0%         N/A       100%        3
 Invisibility             Hex            0%         N/A       100%        6


Dungeon Overview and Level Annotations

Branches:
Dungeon (3/15)

Altars:


Innate Abilities, Weirdness & Mutations

You have a pair of horns on your head.
You reflexively headbutt those who attack you in melee.


Message History

You enter the shallow water.
Moving in this stuff is going to be slow.
You enter the shallow water.
Moving in this stuff is going to be slow.
Found a scroll labelled USEYZO TUUH.
No target in view!
q - a scroll labelled USEYZO TUUH No target in view!
A frilled lizard comes into view.
The frilled lizard hisses angrily.
A frilled lizard is nearby!
The frilled lizard bites you but does no damage.
A frilled lizard is nearby!
You hit the frilled lizard.
The frilled lizard is heavily wounded.
The frilled lizard bites you but does no damage.
A frilled lizard is nearby!
You hit the frilled lizard.
You kill the frilled lizard!
A gnoll comes into view. It is wielding a +0 halberd.
The gnoll shouts!
You hear a shout!
A gnoll comes into view. It is wielding a +0 club.
There are monsters nearby!
The gnoll barely misses you.
A gnoll comes into view. It is wielding a +0 club.
There are monsters nearby!
The gnoll hits you but does no damage. You block the gnoll's attack.
You block the gnoll's attack. The gnoll barely misses you.
You barely miss the gnoll. The gnoll hits you with a +0 club.
The gnoll hits you from afar with a +0 halberd!
The gnoll closely misses you.
You hit the gnoll.
The gnoll is moderately wounded.
The gnoll hits you from afar with a +0 halberd!
The gnoll hits you with a +0 club.
* * * LOW HITPOINT WARNING * * *
The gnoll hits you from afar with a +0 halberd!
You die...

####...#.#
#......# #.######
#.# #+# #.# #.#
#g# #.# #g# ##.##
#g# ##...## #@#
##.##.....# #.#
..........# #.#
##.####.#.#####.#
#.#.......#
#.######### #.#
########.####
............#


You could see 3 gnolls.

Vanquished Creatures
  3 adders (D:2)
  2 worms (D:2)
  A dart slug (D:1)
  A bat (D:2)
  5 endoplasms
  5 giant cockroaches
  6 goblins
  5 hobgoblins
  5 jackals
  4 quokkas
  5 ball pythons
  3 frilled lizards
  6 kobolds
  2 rats
53 creatures vanquished.

Notes
Turn   | Place    | Note
-------+----------+-------------------------------------------
     0 | D:1      | cbfl8 the Minotaur Fighter began the quest for the Orb.
     0 | D:1      | Reached XP level 1. HP: 19/19 MP: 0/0
   124 | D:1      | Reached XP level 2. HP: 26/27 MP: 1/1
   402 | D:1      | Reached XP level 3. HP: 33/33 MP: 2/2
   455 | D:1      | Found a faded altar of an unknown god.
   701 | D:2      | Reached skill level 1 in Evocations
   983 | D:2      | Reached skill level 1 in Invocations
  1283 | D:2      | Reached XP level 4. HP: 40/40 MP: 3/3
  2107 | D:3      | Slain by a gnoll

Illustrated notes

Levels and vault maps discovered:
D:1:      nagdon_arrival_zigzag_paths, layout_rooms,
          hellmonk_ecumenical_altar_prayer_group
D:2:      layout_basic
D:3:      layout_loops_corners, nicolae_underground_beach

Skill      XL: |  1  2  3 |
---------------+----------+-----
Shields        | 4 |  4.1
Fighting       | 4 |  4.0
Evocations     | 1 |  1.3
Axes           | 3 |  3.4
Invocations    | 1 |  1.2
Armour         | 4 |  4.0
Dodging        | |  0.8

Action                   |  1- 3 |  4- 6 || total
-------------------------+-------+-------++-------
Melee: War axe           |    88 |    27 ||   115
       Headbutt          |     9 |     2 ||    11
Armor: Scale mail        |    40 |    11 ||    51
Dodge: Dodged            |    19 |     7 ||    26
Block: Kite shield       |    40 |    16 ||    56
